 Dungeon Crawl Stone Soup version 0.26-a0-665-gefeb406119 (webtiles) character file.

Game seed: 14805109901068872192

569 Elric the Conjurer (level 7, -3/45 HPs)
             Began as a Black Draconian Conjurer on Oct 13, 2020.
             Was a Believer of Hepliaklqana.
             Shot with an arrow by a centaur (10 damage)
             ... on level 6 of the Dungeon.
             The game lasted 00:12:42 (5106 turns).

Elric the Conjurer (Black Draconian Conjurer)       Turns: 5106, Time: 00:12:42

Health: -3/45      AC: 10    Str: 10    XL:     7   Next: 11%
Magic:  0/12       EV: 12    Int: 25    God:    Hepliaklqana [**....]
Gold:   400        SH:  0    Dex:  9    Spells: 3/13 levels left

rFire    . . .     SeeInvis .   x - +10 long sword of the Blowfly {freeze, Int+5}
rCold    . . .     Faith    .   (no shield)
rNeg     . . .     Spirit   +   (armour unavailable)
rPois    .         Reflect  .   (helmet restricted)
rElec    +         Harm     .   r - +2 cloak {Stlth+}
rCorr    +         Rampage  .   (no gloves)
MR       .....                  k - +0 pair of boots
Stlth    ++........             e - amulet of guardian spirit
HPRegen  0.15/turn              c - ring of resist corrosion
MPRegen  0.13/turn              (no ring)

@: no status effects
A: breathe lightning, unfitting armour, reduced essence, electricity resistance,
cold-blooded, AC +6
a: Breathe Lightning, Recall Ancestor, Ancestor Identity, Renounce Religion


You were on level 6 of the Dungeon.
You worshipped Hepliaklqana.
Hepliaklqana was pleased with you.
You visited 1 branch of the dungeon, and saw 6 of its levels.

You collected 400 gold pieces.

Inventory:

Hand Weapons
 l - a +0 dagger
 x - the +10 long sword of the Blowfly (weapon) {freeze, Int+5}
   (You found it on level 5 of the Dungeon)

   It has been specially enchanted to freeze those struck by it, causing extra
   injury to most foes and up to half again as much damage against particularly
   susceptible opponents.
   It can also slow down cold-blooded creatures.
   It affects your intelligence (+5).
Armour
 f - a +0 buckler
 k - a +0 pair of boots (worn)
 r - a +2 cloak of stealth (worn)
Jewellery
 c - a ring of resist corrosion (left hand)
 e - an amulet of guardian spirit (around neck)
 q - an uncursed amulet of guardian spirit
 u - an uncursed amulet of faith {unknown}
Scrolls
 a - 5 scrolls of identify {unknown}
 g - 2 scrolls of teleportation {unknown}
 i - 3 scrolls of immolation {unknown}
 o - 2 scrolls of remove curse {unknown}
 p - 2 scrolls of random uselessness {unknown}
 s - a scroll of enchant weapon {unknown}
 v - a scroll of magic mapping {unknown}
 w - 3 scrolls of enchant armour {unknown}
 y - a scroll of fear {unknown}
Potions
 b - a potion of degeneration {unknown}
 d - 3 potions of curing {unknown}
 h - 3 potions of stabbing {unknown}
 j - 3 potions of heal wounds {unknown}
 m - a potion of might {unknown}
 n - 2 potions of lignification {unknown}
 t - 2 potions of brilliance {unknown}


   Skills:
 - Level 1.7 Dodging
 - Level 1.7 Stealth
 - Level 3.9 Spellcasting
 + Level 7.7 Conjurations


You had 3 spell levels left.
You knew the following spells:

 Your Spells              Type           Power        Failure   Level
a - Magic Dart            Conj           ####         1%          1
b - Searing Ray           Conj           #####.       1%          2
c - Dazzling Flash        Conj/Hex       ###...       5%          3
d - Iskenderun's Mystic   Conj/Tloc      ###.....     19%         4

Your spell library contained the following spells:

 Spells                   Type           Power        Failure   Level
 Fulminant Prism          Conj/Hex       ###.......   19%         4


Dungeon Overview and Level Annotations

Branches:
Dungeon (6/15)             Temple (0/1) D:5

Altars:
Hepliaklqana
Kikubaaqudgha

Portals:
Abyss: D:3

Annotations:
D:3 2 transporters, hemabe71's ghost, amateur HuAr
D:5 3 runed translucent doors, nht's ghost, novice HaBe


Innate Abilities, Weirdness & Mutations

You can breathe wild blasts of lightning.
Your glossy black scales are hard. (AC +6)
You cannot fit into any form of body armour.
You are resistant to electric shocks. (rElec)
You are cold-blooded and may be slowed by cold attacks.
Your life essence is reduced to manifest your ancestor. (-10% HP)


Message History

The arrow hits Meatshield!
The quokka skeleton bites you but does no damage.
The centaur shoots an arrow.
The arrow hits Meatshield.
The centaur shoots an arrow.
The arrow barely misses Meatshield.
The arrow barely misses you.
There is a stone staircase leading up here.
You see here an arrow.
You slash the quokka skeleton!
You destroy the quokka skeleton!
The centaur shoots an arrow.
The arrow closely misses Meatshield.
The arrow hits you but does no damage.
The centaur shoots an arrow.
The arrow hits Meatshield!
Meatshield is destroyed!
The centaur shoots an arrow.
The arrow hits you.
A hound zombie comes into view.
The centaur shoots an arrow.
The arrow hits you!
The centaur shoots an arrow.
The arrow hits you!
* * * LOW HITPOINT WARNING * * *
The centaur shoots an arrow.
The arrow hits you!
You die...

#? .. ..
.#.###.
......
...#. #...
#.. ####.#
#...@#
######..((#
.......(..#
#####...?.#
#(....#
c(.....#
.(.#....#
#cZ.+....#
#.. #...##


You could see 2 centaurs and a hound zombie (wandering).

Vanquished Creatures
  A centaur zombie (D:5)
  An orc priest (D:5)
  An orc wizard (D:2)
  3 iguanas
  3 adders (D:2)
  An ufetubus (D:5)
  2 oozes (D:1)
  A dart slug (D:2)
  8 orcs
  5 bats
  7 giant cockroaches
  6 goblins (D:1)
  10 hobgoblins
  8 jackals
  10 kobolds
  4 quokkas
  3 ball pythons
  7 frilled lizards
  A quokka skeleton (D:6)
  8 rats
90 creatures vanquished.

Vanquished Creatures (collateral kills)
  An ogre (D:4)
  An orc priest (D:5)
  A hound (D:5)
  An orc wizard (D:5)
  An iguana (D:6)
  A worker ant (D:5)
  A hound skeleton (D:3)
  A howler monkey skeleton (D:5)
  A worm (D:5)
  5 orcs (D:5)
  3 jackals
17 creatures vanquished.

Vanquished Creatures (others)
  A battlemage (D:6)
  A plant (D:5)
  2 withered plants (D:2)
4 creatures vanquished.

Grand Total: 111 creatures vanquished

Notes
Turn   | Place    | Note
-------+----------+-------------------------------------------
     0 | D:1      | Elric the Draconian Conjurer began the quest for the Orb.
     0 | D:1      | Reached XP level 1. HP: 14/14 MP: 3/3
   249 | D:1      | Reached XP level 2. HP: 20/20 MP: 1/5
   865 | D:1      | Reached XP level 3. HP: 26/26 MP: 5/7
  1413 | D:1      | Learned a level 2 spell: Searing Ray
  1417 | D:1      | Learned a level 3 spell: Dazzling Flash
  1745 | D:2      | Found a hazy altar of Hepliaklqana.
  1888 | D:2      | Reached XP level 4. HP: 33/33 MP: 4/8
  1997 | D:2      | Reached skill level 5 in Conjurations
  2267 | D:2      | Found an ancient bone altar of Kikubaaqudgha.
  2289 | D:2      | Learned a level 4 spell: Iskenderun's Mystic Blast
  2636 | D:2      | Reached XP level 5. HP: 36/38 MP: 0/10
  2679 | D:2      | Became a worshipper of Hepliaklqana the Forgotten
  3005 | D:3      | Found a faded altar of an unknown god.
  3121 | D:3      | Found a transporter.
  3136 | D:3      | Noticed an ancient zyme
  3185 | D:3      | Found a transporter.
  3323 | D:3      | Reached * piety under Hepliaklqana
  3433 | D:3      | Found a one-way gate to the infinite horrors of the Abyss.
  3433 | D:3      | Noticed hemabe71's ghost (amateur HuAr)
  3794 | D:4      | Noticed an ogre
  3801 | D:4      | Killed an ogre
  3801 | D:4      | Reached skill level 6 in Conjurations
  3801 | D:4      | Reached XP level 6. HP: 40/40 MP: 4/11
  4443 | D:5      | Entered Level 5 of the Dungeon
  4443 | D:5      | Reached ** piety under Hepliaklqana
  4478 | D:5      | Remembered your ancestor Meatshield as a battlemage
  4517 | D:5      | Found a staircase to the Ecumenical Temple.
  4657 | D:5      | Reached skill level 7 in Conjurations
  4800 | D:5      | Found a runed translucent gate.
  4801 | D:5      | Found a runed translucent gate.
  4802 | D:5      | Found a runed translucent gate.
  4818 | D:5      | Got a shimmering long sword
  4819 | D:5      | Identified the +10 long sword of the Blowfly {freeze,
                  | Int+5} (You found it on level 5 of the Dungeon)
  4917 | D:5      | Your scales start taking on a glossy black colour.
  4917 | D:5      | Reached XP level 7. HP: 36/45 MP: 6/12
  4917 | D:5      | Gained mutation: You are resistant to electric shocks.
                  | (rElec) [Black Draconian growth]
  5049 | D:5      | Noticed nht's ghost (novice HaBe)
  5106 | D:6      | Shot with an arrow by a centaur

Illustrated notes

Levels and vault maps discovered:
D:1:      minmay_arrival_plants_in_alcoves, layout_loops_corners
D:2:      layout_rooms, old_standard_altar, kiku_gazebo_garden_becter
D:3:      layout_basic, gammafunk_ghost_abyssal_escape,
          chequers_ecumenical_altar_island
D:4:      layout_cave_pools, minmay_bisected
D:5:      layout_cave_pools, minmay_temple_entry_gardened_gates,
          gammafunk_ghost_necromancy
D:6:      layout_basic

Skill      XL: |  1  2  3  4  5  6 |
---------------+-------------------+-----
Spellcasting   | 3 |  3.9
Conjurations   | 5 6 7 |  7.7
Dodging        | |  1.7
Stealth        | |  1.7

Action                   |  1- 3 |  4- 6 |  7- 9 || total
-------------------------+-------+-------+-------++-------
Melee: Unarmed           |    11 |     7 |       ||    18
       Tailslap          |       |     2 |       ||     2
       Dagger            |       |     2 |       ||     2
       Long sword        |       |     9 |     2 ||    11
 Cast: Magic Dart        |    76 |    94 |     2 ||   172
       Searing Ray       |     5 |    12 |       ||    17
       Dazzling Flash    |       |     1 |       ||     1
Invok: Ancestor Identity |       |     1 |       ||     1
       Ancestor Life: Ba |       |     1 |       ||     1
Armor: Skin              |     5 |    20 |     5 ||    30
Dodge: Dodged            |    34 |    55 |     6 ||    95
       Rpst.: Long sword |       |     2 |       ||     2

Table legend: (Time is in decaauts)
 A = Elapsed time spent in this place.
 B = Non-inter-level travel time spent in this place.
 C = Inter-level travel time spent in this place.
 D = Time resting spent in this place.
 E = Time spent auto-exploring this place.
 F = Levels seen in this place.
 G = Mean time per level.
                   A        B        C        D        E       F      G
               +--------+--------+--------+--------+--------+-----+--------+
         Total |   5109 |   4985 |    124 |      0 |   4225 |   6 |  851.5 |
       Dungeon |   5109 |   4985 |    124 |      0 |   4225 |   6 |  851.5 |
               +--------+--------+--------+--------+--------+-----+--------+

Top non-repeatable levels by time:
     D:1: 1468 daAuts
     D:2: 1289 daAuts
     D:3: 1020 daAuts
     D:4: 664 daAuts
     D:5: 655 daAuts
     D:6: 10 daAuts
